 Dungeon Crawl Stone Soup version 0.19.5 (webtiles) character file.

1049 tyranidshit the Fighter (level 8, 0/72 HPs)
             Began as a Demonspawn Abyssal Knight on Mar 13, 2017.
             Was an Elder of Lugonu.
             Slain by a hell rat (1 damage)
             ... on level 5 of the Dungeon.
             The game lasted 00:12:22 (3723 turns).

tyranidshit the Fighter (Demonspawn Abyssal Knight) Turns: 3723, Time: 00:12:23

Health: 0/72       AC: 13    Str: 14    XL:     8   Next: 5%
Magic:  9/9        EV:  5    Int: 15    God:    Lugonu [****..]
Gold:   301        SH:  0    Dex: 17    Spells: 1 memorised, 5 levels left

rFire  + . .     SeeInvis .     j - +0 war axe
rCold  + . .     Gourm    .     k - +0 chain mail
rNeg   . . .     Faith    .     (no shield)
rPois  .         Spirit   .     (no helmet)
rElec  .         Reflect  .     (no cloak)
rCorr  .         Harm     .     (no gloves)
MR     .....                    g - +1 pair of boots
Stlth  +.........               (no amulet)
                                I - ring of protection from fire
                                t - +5 ring of dexterity

@: heavily drained
A: thin metallic scales 2, cold resistance 1, nightstalker 2
a: Depart the Abyss, Bend Space, Banish, Corrupt, Renounce Religion


You were on level 5 of the Dungeon.
You worshipped Lugonu.
Lugonu was greatly pleased with you.
You were not hungry.

You visited 1 branch of the dungeon, and saw 5 of its levels.
You visited the Abyss 1 time.

You collected 301 gold pieces.

Inventory:

Hand Weapons
 f - the +4 fustibalus of the Hummingbird {velocity, rPois Str+2 Int-4}
   (You found it on level 2 of the Abyss)

   Any stone fired from it inflicts extra damage.
   It affects your strength (+2).
   It affects your intelligence (-4).
   It protects you from poison.
 j - a +0 war axe (weapon)
 p - a +0 hand axe
Missiles
 o - 44 arrows
 q - 228 stones (quivered)
 u - 20 sling bullets
Armour
 g - a +1 pair of boots (worn)
 k - a +0 chain mail (worn)
Jewellery
 l - an uncursed ring of magical power
 t - a +5 ring of dexterity (left hand)
 w - an uncursed ring of resist corrosion
 B - an uncursed ring of protection from cold
 I - a ring of protection from fire (right hand)
Wands
 C - a wand of teleportation (4/9)
Scrolls
 e - a scroll of random uselessness
 i - a scroll of teleportation
 m - 7 scrolls of identify
 n - 3 scrolls of remove curse
Potions
 a - 3 potions of curing
 b - a potion of might
 d - 3 potions of haste
 h - a potion of berserk rage
 s - a potion of heal wounds
 v - 2 potions of flight
 A - a potion of agility
Comestibles
 c - 5 bread rations
 r - 3 beef jerkies
 x - a royal jelly
 z - a meat ration


   Skills:
 + Level 9.9(8.3) Fighting
 - Level 1.7(0.4) Axes
 - Level 1.7(0.4) Armour
 - Level 0.8(0.0) Dodging
 - Level 2.4(1.1) Invocations


You had 5 spell levels left.
You knew the following spells:

 Your Spells              Type           Power        Failure   Level  Hunger
a - Blink                 Tloc           N/A          100%        2    ###....


Dungeon Overview and Level Annotations

Branches:
Dungeon (5/15)
 Temple: D:4-7

Altars:
Nemelex Xobeh
Qazlal
Vehumet


Innate Abilities, Weirdness & Mutations

You are mostly covered in thin metallic scales. (AC +3)
Your flesh is cold resistant. (rC+)
You are significantly more attuned to the shadows.


Message History

You kill the rat!
Lugonu accepts your kill.
You hit the river rat but do no damage. You closely miss the rat. x2
The hell rat bites you.
* * * LOW HITPOINT WARNING * * *
You feel drained. The river rat bites you.
* * * LOW HITPOINT WARNING * * *
The rat bites you but does no damage. x2; The hell rat bites you.
* * * LOW HITPOINT WARNING * * *
You feel drained.
* * * LOW HITPOINT WARNING * * *
The river rat bites you but does no damage.
You hit the hell rat.
The hell rat is heavily wounded.
You barely miss the river rat. You hit the rat but do no damage.
You barely miss the rat.
The rat bites you but does no damage. x2
The hell rat bites you.
* * * LOW HITPOINT WARNING * * *
You feel drained.
You die...

#.##†#.#
#.#†#.# #.†..#
#...#.#
#.#.†##.# ##.
.(#.##.#.##...
.####
#(##(....
##.rr...r
#.r@rr...
#...†....
##.((....
########


You could see a hell rat, a river rat and 4 rats.

Vanquished Creatures
  An ice beast (D:5)
  A sky beast (D:5)
  2 ogres (D:4)
  2 centaurs (D:5)
  2 jellies (D:5)
  2 orc wizards (D:4)
  An orc priest (D:4)
  2 iguanas
  A statue (D:4)
  A hound skeleton (D:4)
  Robin (D:4)
  6 adders
  A howler monkey skeleton (D:4)
  7 gnolls (D:4)
  3 river rats (D:5)
  A shadow imp (D:5)
  An adder skeleton (D:4)
  2 worms (D:2)
  A dart slug (D:2)
  2 leopard geckos
  13 orcs
  6 giant cockroaches
  8 hobgoblins
  9 jackals
  A quokka (D:2)
  A ball python (D:3)
  9 bats
  15 goblins
  8 kobolds
  20 rats
130 creatures vanquished.

Notes
Turn   | Place    | Note
-------+----------+-------------------------------------------
     0 | Abyss:1  | tyranidshit the Demonspawn Abyssal Knight began the quest for the Orb.
     0 | Abyss:1  | Reached XP level 1. HP: 18/18 MP: 2/2
    51 | Abyss:2  | Got a transparent fustibalus
    71 | Abyss:2  | Noticed a sun demon
    73 | D:1      | Escaped the Abyss
    74 | D:1      | Identified the +4 fustibalus of the Hummingbird {velocity, rPois Str+2 Int-4} (You found it on level 2 of the Abyss)
   316 | D:1      | Reached * piety under Lugonu
   387 | D:1      | Gained mutation: You are partially covered in thin metallic scales. (AC +2) [demonic ancestry]
   387 | D:1      | Reached XP level 2. HP: 11/24 MP: 3/3
   831 | D:2      | Reached skill level 4 in Fighting
   898 | D:2      | Gained mutation: Your flesh is cold resistant. (rC+) [demonic ancestry]
   898 | D:2      | Reached XP level 3. HP: 30/30 MP: 4/4
  1307 | D:2      | Found a stormy altar of Qazlal.
  1475 | D:3      | Reached ** piety under Lugonu
  1858 | D:3      | Reached skill level 5 in Fighting
  1858 | D:3      | Gained mutation: You are slightly more attuned to the shadows. [demonic ancestry]
  1858 | D:3      | Reached XP level 4. HP: 38/39 MP: 5/5
  2347 | D:4      | Noticed an ogre
  2350 | D:4      | Killed an ogre
  2350 | D:4      | Reached skill level 6 in Fighting
  2350 | D:4      | Reached XP level 5. HP: 26/47 MP: 6/6
  2549 | D:4      | Found a sparkling altar of Nemelex Xobeh.
  2557 | D:4      | Gained mutation: You are significantly more attuned to the shadows. [demonic ancestry]
  2557 | D:4      | Reached XP level 6. HP: 38/53 MP: 7/7
  2665 | D:4      | Reached skill level 7 in Fighting
  2707 | D:4      | Found a radiant altar of Vehumet.
  2922 | D:4      | Identified the Almanac of Fetching Displacement
  2936 | D:4      | Reached *** piety under Lugonu
  2967 | D:4      | Noticed Robin
  2967 | D:4      | Reached skill level 8 in Fighting
  2980 | D:4      | Killed Robin
  2980 | D:4      | Reached XP level 7. HP: 51/62 MP: 8/8
  3018 | D:4      | Learned a level 2 spell: Blink
  3366 | D:5      | Entered Level 5 of the Dungeon
  3556 | D:5      | Reached skill level 9 in Fighting
  3684 | D:5      | Gained mutation: You are mostly covered in thin metallic scales. (AC +3) [demonic ancestry]
  3684 | D:5      | Reached XP level 8. HP: 47/72 MP: 9/9
  3719 | D:5      | Reached **** piety under Lugonu
  3723 | D:5      | HP: 1/72 [hell rat (5)]
  3723 | D:5      | Slain by a hell rat

Skill      XL: |  1  2  3  4  5  6  7 |
---------------+----------------------+-----
Fighting       | 4 5 6 8 9 |  9.9
Axes           | |  1.7
Armour         | |  1.7
Dodging        | |  0.8
Invocations    | |  2.4

Action                   |  1- 3 |  4- 6 |  7- 9 || total
-------------------------+-------+-------+-------++-------
Melee: War axe           |    61 |     8 |     8 ||    77
 Fire: Fustibalus        |    87 |   101 |    74 ||   262
Invok: Depart the Abyss  |     1 |       |       ||     1
  Use: Scroll            |     7 |     3 |       ||    10
       Potion            |     5 |     2 |     3 ||    10
  Eat: Bread ration      |     1 |     1 |       ||     2
Armor: Chain mail        |   120 |    68 |    49 ||   237
Dodge: Dodged            |    38 |    28 |    14 ||    80
